 Dungeon Crawl Stone Soup version 0.15-a0-2198-g7f377d1 (webtiles) character file.

178 PolkaDot the Vexing (level 5, -12/35 HPs)
             Began as a Vampire Enchanter on July 23, 2014.
             Killed by divine providence
             ... invoked by an orc priest
              (13 damage)
             ... on Level 3 of the Dungeon.
             The game lasted 00:10:29 (2326 turns).

PolkaDot the Vexing (Vampire Enchanter)             Turns: 2326, Time: 00:10:29

HP -12/35        AC  4     Str  7      XL: 5   Next: 32%
MP   1/9         EV 12     Int 18      God:
Gold 119         SH  0     Dex 14      Spells:  3 memorised,  2 levels left

rFire  . . .     SeeInvis +     a - +1 dagger
rCold  + + .     Clarity  .     b - +1 robe
rNeg   + + +     rCorr    .     (no shield)
rPois  +         rRot     +     (no helmet)
rElec  .         Spirit   .     (no cloak)
SustAb .         Warding  .     h - +0 pair of gloves
rMut   .         Stasis   .     (no boots)
Gourm  .                        (no amulet)
MR     .....                    (no ring)
                                (no ring)

@: regenerating slowly, not resistant to hostile enchantments, stealthy
A: fangs 3, see invisible, unbreathing
a: Bat Form


You were on level 3 of the Dungeon.
You were near bloodless.

You visited 1 branch of the dungeon, and saw 3 of its levels.

You collected 119 gold pieces.

Inventory:

Hand weapons
 a - a +1 dagger (weapon)
Armour
 b - a +1 robe (worn)
 h - a +0 pair of gloves (worn)
Scrolls
 e - a scroll of remove curse
 f - a scroll of fear
 m - a scroll of random uselessness
Potions
 d - a potion of coagulated blood {@w2}
 o - a potion of flight
 p - a potion of haste
Books
 c - a book of Maledictions

   Spells                             Type                      Level
   *Corona                            Hexes                        1
   Sure Blade                         Hexes/Charms                 2
   *Ensorcelled Hibernation           Hexes/Ice                    2
   *Confuse                           Hexes                        3
   Dazzling Spray                     Conjuration/Hexes            3
   Enslavement                        Hexes                        4


   Skills:
 - Level 3.0 Short Blades
 - Level 2.1 Dodging
 + Level 5.7 Stealth
 - Level 2.0 Spellcasting
 * Level 6.6 Hexes
 - Level 1.3 Ice Magic


You had 2 spell levels left.
You knew the following spells:

 Your Spells              Type           Power        Failure   Level  Hunger
a - Corona                Hex            ####...      1%          1    #......
c - Confuse               Hex            ####....     3%          3    ####...
d - Ensorcelled Hibernat  Hex/Ice        ###...       8%          2    ##.....


Dungeon Overview and Level Annotations

Branches:
Dungeon (3/15)

Altars:


Innate Abilities, Weirdness & Mutations

You heal slowly.
You have razor-sharp teeth.
You have supernaturally acute eyesight.
You can survive without breathing.


Message History

The orc priest mumbles some strange prayers to Beogh against you.
You struggle to resist.
Read which item? (? for menu, Esc to quit)
You don't have any such object.
Read which item? (? for menu, Esc to quit)
As you read the scroll labeled WAELOXZ ONTY, it crumbles to dust.
It is a scroll of identify.
Identify which item? (\ to view known items) (? for menu, Esc to quit)
m - a scroll of random uselessness The orc priest hits you with a dagger.
* * * LOW HITPOINT WARNING * * *
Read which item? (? for menu, Esc to quit)
As you read the scroll labeled PSIUBB USAURE, it crumbles to dust.
You assume a fearsome visage.
The orc priest looks frightened!
The worm looks frightened!
It was a scroll of fear.
Cornered, the orc priest turns to fight!
The orc priest glows brightly for a moment.
The orc priest mumbles some strange prayers to Beogh against you.
Something smites you!
You die...

#...# #.####
#.#.######### #.#
#.#.......w.# .
#.# ### ###.# #.#
#### .# ##### #)#
#### ##.###... #.
....#
#o##.......>... ..
#######.#
#.###.#########...
#.# #.# #.####
#... # # #@# #.
..# ...
#.###.######.#
####
#.#........#.#
#.########.#.# #.#
#..#.#.# #.#
#..#.#.# #.#
#.)#.#.# #.#
#.<#.#.# #.#
#.##...#


You could see a worm (fleeing) and an orc priest.

Vanquished Creatures
  2 orc priests (D:3)
  Jessica (D:3)
  2 adders (D:2)
  3 worms (D:2)
  An ooze (D:2)
  4 orcs (D:3)
  8 bats
  4 giant cockroaches
  5 hobgoblins
  4 jackals (D:1)
  8 kobolds
  7 giant newts
  6 goblins
  7 rats
62 creatures vanquished.

Notes
Turn   | Place    | Note
--------------------------------------------------------------
     0 | D:1      | PolkaDot, the Vampire Enchanter, began the quest for the Orb.
     0 | D:1      | Reached XP level 1. HP: 13/13 MP: 3/3
   274 | D:1      | Reached XP level 2. HP: 14/19 MP: 4/4
   698 | D:1      | Learned a level 2 spell: Ensorcelled Hibernation
  1202 | D:2      | Reached skill level 1 in Ice Magic
  1202 | D:2      | Reached XP level 3. HP: 24/24 MP: 6/6
  1207 | D:2      | Learned a level 3 spell: Confuse
  1670 | D:2      | Reached skill level 5 in Hexes
  1814 | D:2      | Reached XP level 4. HP: 30/30 MP: 3/7
  2065 | D:2      | Reached skill level 5 in Stealth
  2129 | D:3      | Reached skill level 6 in Hexes
  2200 | D:3      | Noticed Jessica
  2204 | D:3      | Killed Jessica
  2204 | D:3      | Reached XP level 5. HP: 31/35 MP: 1/9
  2300 | D:3      | HP: 1/35 [orc priest/divine providence (13)]
  2322 | D:3      | HP: 1/35 [orc priest/dagger (2)]
  2326 | D:3      | Killed from afar by an orc priest

Action                   |  1- 3 |  4- 6 || total
-------------------------+-------+-------++-------
Melee: Dagger            |   119 |    30 ||   149
 Cast: Ensorcelled Hiber |    12 |    16 ||    28
       Confuse           |       |     1 ||     1
  Use: Potion            |       |    12 ||    12
       Scroll            |       |     4 ||     4
 Stab: Sleeping          |    23 |     9 ||    32
       Distracted        |       |     1 ||     1
